 Dungeon Crawl Stone Soup version 0.28.0 (webtiles) character file.

Game seed: 6735970507767342038

721 BecksGhost the Cleaver (level 7, -3/60 HPs)
             Began as a Hill Orc Monk on Feb 18, 2022.
             Was a Believer of Beogh.
             Slain by a red devil (17 damage)
             ... summoned by a kobold demonologist
             ... on level 5 of the Dungeon.
             The game lasted 00:07:56 (5803 turns).

BecksGhost the Cleaver (Hill Orc Monk)              Turns: 5803, Time: 00:07:57

Health: -3/60      AC:  9    Str: 16    XL:     7   Next: 70%
Magic:  7/7        EV: 10    Int: 10    God:    Beogh [**....]
Gold:   203        SH:  0    Dex: 13    Spells: 6/6 levels left

rFire   . . .      SeeInvis .   a - +1 hand axe
rCold   . . .      Faith    .   (no shield)
rNeg    . . .      Spirit   .   f - +0 scale mail
rPois   .          Reflect  .   h - +0 helmet
rElec   .          Harm     .   (no cloak)
rCorr   .          Rampage  .   (no gloves)
Will    .....                   m - +0 pair of boots
Stlth   ..........              (no amulet)
HPRegen 0.20/turn               (no ring)
MPRegen 0.10/turn               (no ring)

@: lethally poisoned (-3 -> -13), slowed, very slow
A: no striking features
a: Renounce Religion, Smiting


You were on level 5 of the Dungeon.
You worshipped Beogh.
Beogh was pleased with you.
You visited 1 branch of the dungeon, and saw 5 of its levels.

You collected 229 gold pieces.
You spent 26 gold pieces at shops.

Inventory:

Hand Weapons
 a - a +1 hand axe (weapon)
 g - the +6 dagger of the Equinox {flame, rCorr SInv}
   (You found it on level 2 of the Dungeon)

   It burns those it strikes, dealing additional fire damage.
   SInv:      It lets you see invisible.
   rCorr:     It protects you from acid and corrosion.
Armour
 f - a +0 scale mail (worn)
 h - a +0 helmet (worn)
 m - a +0 pair of boots (worn)
Wands
 i - a wand of flame (7)
 l - a wand of polymorph (6)
Scrolls
 j - a scroll of enchant weapon
 k - 2 scrolls of blinking
Potions
 e - a potion of mutation


   Skills:
 + Level 4.9 Fighting
 * Level 9.2 Axes
 + Level 3.5 Armour
 + Level 3.2 Dodging
 - Level 1.5 Stealth


You had 6 spell levels left.
You didn't know any spells.
Your spell library was empty.

Dungeon Overview and Level Annotations

Branches:
Dungeon (5/15)             Temple (0/1) D:4

Altars:

Shops:
D:1 *


Message History

A kobold demonologist comes into view. It is wielding a +0 dagger.
Unknown command.
You feel very sick.
The kobold brigand throws a curare-tipped dart.
The curare-tipped dart hits you.
You are more poisoned.
You have difficulty breathing.
You feel as though you will be slow longer.
The kobold brigand throws a curare-tipped dart.
The curare-tipped dart hits you.
You are lethally poisoned!
You have difficulty breathing.
* * * LOW HITPOINT WARNING * * *
You feel as though you will be slow longer.
A kobold comes into view. It is wielding a +0 short sword.
You feel better.
The kobold shouts!
The kobold brigand throws a curare-tipped dart.
The curare-tipped dart barely misses you.
The kobold demonologist gestures wildly while chanting.
A scorpion comes into view.
As you read the scroll labelled BUBURU SUVA, it crumbles to dust.
You hear a loud clanging noise!
It was a scroll of noise.
You hear a shout! x2
The kobold brigand throws a curare-tipped dart.
The curare-tipped dart hits you.
You are poisoned.
You have difficulty breathing.
You feel as though you will be slow longer.
The kobold demonologist casts a spell.
As you read the scroll labelled JOYC KUUTEOCYG, it crumbles to dust.
The scroll dissolves into smoke.
It was a scroll of fog.
* * * LOW HITPOINT WARNING * * *
You feel very sick.
The kobold brigand hits you but does no damage.
The kobold brigand throws a curare-tipped dart.
The curare-tipped dart barely misses you.
The red devil hits you from afar with a +0 trident!
You die...

..## #K#.....#....
#K#.......#..
#K#....!...#.##########
######K#..s....<#.##........
.......#.KK5..#.#..÷.#######
..<....#..4..##......# ####
.......#..§K§.#..##..# #...
#...KKK§@§.....##.## #...
##...K.#§§§...#.....###...
#....................÷....
#.......##.###........####.
#..........# ####..[...###.
#.......#### ###.....#..
##.....## #.(...... #.......
##....... #...... #.##.<..


You could see 2 kobold demonologists, a red devil (summoned), 2 kobold brigands,
a scorpion, an ufetubus (summoned) and 3 kobolds.

Vanquished Creatures
  Sigmund (D:3)
  A necrophage (D:5)
  A scorpion (D:5)
  2 hounds
  A bullfrog zombie (D:5)
  A bullfrog skeleton (D:5)
  Jessica (D:3)
  2 iguanas (D:5)
  Ijyb (D:5)
  An orc wizard (D:4)
  Robin (D:3)
  6 adders
  2 worms
  3 dart slugs
  6 orcs (D:4)
  8 ball pythons
  7 endoplasms
  A giant cockroach (D:4)
  18 goblins
  12 hobgoblins
  3 kobolds
  4 quokkas
  7 bats
  3 frilled lizards (D:3)
  6 rats
99 creatures vanquished.

Notes
Turn   | Place    | Note
-------+----------+-------------------------------------------
     0 | D:1      | BecksGhost the Hill Orc Monk began the quest for the Orb.
     0 | D:1      | Reached XP level 1. HP: 19/19 MP: 1/1
   233 | D:1      | Reached XP level 2. HP: 27/27 MP: 2/2
   577 | D:1      | Found a faded altar of an unknown god.
  1010 | D:1      | Found Soxziusm's Assorted Antiques.
  1018 | D:1      | Bought a scroll labelled FEXUZ EGUME for 26 gold pieces
  1835 | D:2      | Reached skill level 5 in Axes
  1835 | D:2      | Reached XP level 3. HP: 32/33 MP: 3/3
  2022 | D:2      | Identified the +6 dagger of the Equinox {flame, rCorr SInv}
  2332 | D:2      | Reached XP level 4. HP: 34/40 MP: 4/4
  2485 | D:3      | Noticed Robin
  2651 | D:3      | Killed Robin
  2898 | D:3      | Found Ubimeh's Assorted Antiques.
  2982 | D:3      | Noticed Jessica
  2985 | D:3      | Killed Jessica
  2986 | D:3      | Reached skill level 6 in Axes
  2994 | D:3      | Noticed Sigmund
  3001 | D:3      | Reached XP level 5. HP: 20/46 MP: 5/5
  3474 | D:3      | Killed Sigmund
  3475 | D:3      | Reached skill level 7 in Axes
  3475 | D:3      | Reached XP level 6. HP: 38/53 MP: 6/6
  4414 | D:4      | Became a worshipper of Beogh the Brigand
  4414 | D:4      | Reached * piety under Beogh
  4414 | D:4      | Reached ** piety under Beogh
  4622 | D:4      | Reached skill level 8 in Axes
  4807 | D:4      | Found a staircase to the Ecumenical Temple.
  4841 | D:5      | Entered Level 5 of the Dungeon
  4979 | D:5      | Reached XP level 7. HP: 9/60 MP: 7/7
  5334 | D:5      | Noticed Ijyb
  5347 | D:5      | Killed Ijyb
  5543 | D:5      | Reached skill level 9 in Axes
  5796 | D:5      | Noticed a kobold demonologist
  5799 | D:5      | Noticed a kobold demonologist
  5803 | D:5      | Noticed a red devil
  5803 | D:5      | Slain by a red devil

Illustrated notes

Levels and vault maps discovered:
D:1:      nicolae_arrival_washed_ashore, layout_basic, serial_shops, shop,
          ebering_ecumenical_altar_sacrificial
D:2:      layout_basic
D:3:      layout_basic, serial_shops, shop, uniq_robin, uniq_sigmund,
          uniq_jessica
D:4:      layout_loops_cross, minmay_temple_entry_fiery
D:5:      layout_rooms, uniq_ijyb

Skill      XL: |  1  2  3  4  5  6  7 |
---------------+----------------------+-----
Fighting       | 4 |  4.9
Axes           | 5 6 7 8 9 |  9.2
Armour         | 2 3 |  3.5
Dodging        | 3 |  3.2
Stealth        | |  1.5

Action                   |  1- 3 |  4- 6 |  7- 9 || total
-------------------------+-------+-------+-------++-------
Melee: Hand axe          |   104 |   214 |    49 ||   367
       Punch             |       |     1 |     2 ||     3
Invok: Convert to Beogh  |       |     1 |       ||     1
  Use: Scroll            |     4 |     2 |     4 ||    10
       Potion            |       |       |     2 ||     2
 Stab: Sleeping          |     3 |       |       ||     3
Armor: Robe              |    14 |       |       ||    14
       Scale mail        |    27 |    87 |    24 ||   138
Dodge: Dodged            |    43 |   112 |    26 ||   181
